 Dungeon Crawl Stone Soup version 0.20.1-1-g8b1a95d (webtiles) character file.

494 JeffiDaFish the Shield-Bearer (level 7, 0/44 HPs)
             Began as a Gargoyle Fighter on Oct 24, 2017.
             Slain by an ogre
             ... wielding a +0 giant spiked club
              (15 damage)
             ... on level 4 of the Dungeon.
             The game lasted 00:04:55 (2893 turns).

JeffiDaFish the Shield-Bearer (Gargoyle Fighter)    Turns: 2893, Time: 00:04:56

Health: 0/44       AC: 11    Str: 19    XL:     7   Next: 15%
Magic:  7/7        EV:  6    Int:  9    God:
Gold:   151        SH: 16    Dex: 11    Spells: 6/6 levels left

rFire    . . .     SeeInvis .   a - +1 flail
rCold    . . .     Gourm    .   e - +2 large shield
rNeg     + . .     Faith    .   b - +0 scale mail
rPois    ∞         Spirit   .   (no helmet)
rElec    +         Reflect  .   (no cloak)
rCorr    .         Harm     .   (no gloves)
MR       .....                  (no boots)
Stlth    +.........             i - amulet of regeneration
Regen    0.6/turn               h - ring of stealth
MPRegen  0.1/turn               (no ring)

@: no status effects
A: negative energy resistance 1, electricity resistance, unbreathing,
petrification resistance, rot immunity, AC +4
a: no special abilities


You were on level 4 of the Dungeon.
You were not hungry.

You visited 1 branch of the dungeon, and saw 4 of its levels.

You collected 151 gold pieces.

Inventory:

Hand Weapons
 a - a +1 flail (weapon)
Armour
 b - a +0 scale mail (worn)
 e - a +2 large shield (worn)
Jewellery
 h - a ring of stealth (left hand)
 i - an amulet of regeneration (around neck)
 j - a +2 amulet of reflection
Scrolls
 g - 3 scrolls of identify
 k - a scroll of remove curse
Potions
 d - a potion of might
Books
 n - a Fen Folio

   Spells                             Type                      Level
   a - Corpse Rot                     Necromancy                   2
   b - Stone Arrow                    Conjuration/Earth            3
   c - Leda's Liquefaction            Hexes/Earth                  4
   d - Summon Forest                  Summoning/Translocation      5
   e - Hydra Form                     Transmutation                6
   f - Summon Hydra                   Summoning                    7
Comestibles
 f - 2 bread rations
 l - a meat ration


   Skills:
 + Level 4.6 Fighting
 + Level 4.3 Maces & Flails
 + Level 4.1 Armour
 + Level 1.1 Dodging
 + Level 1.0 Stealth
 + Level 5.7 Shields


You had 6 spell levels left.
You didn't know any spells.

Dungeon Overview and Level Annotations

Branches:
Dungeon (4/15)
 Temple: D:4-7

Altars:
Cheibriados


Innate Abilities, Weirdness & Mutations

You are resistant to torment.
Your stone body is resilient. (AC +4)
You are immune to poison.
You resist negative energy. (rN+)
You are resistant to electric shocks. (rElec)
You can survive without breathing.
You are immune to petrification.
You are immune to rotting.


Message History

You block the ogre's attack.
You feel much better.
You barely miss the ogre.
The ogre is heavily wounded.
The ogre hits you with a giant spiked club!!
* * * LOW HITPOINT WARNING * * *
All of the chunks of flesh in your inventory have rotted away.
You barely miss the ogre.
The ogre is heavily wounded.
You block the ogre's attack.
You thump the ogre!
The ogre is severely wounded.
You block the ogre's attack.
You hit the ogre.
The ogre is severely wounded.
You block the ogre's attack.
Your shield and scale mail prevent you from hitting the ogre.
The ogre is severely wounded.
The ogre hits you with a giant spiked club!
You die...

#.###.##.#.. ##...###.###
##......... #..###.##.
#..# #.##. #..# #.##. #
#..# #.##.
#...############.># #.##.
......ZO@.....#.#.###.##.
.P..#########..###.......
8 #.## ##......
##.###.##.##.
##.#.###.### #..####.#
#....>..# #######
#..###### ......########
#.<#


You could see an ogre and a howler monkey skeleton.

Vanquished Creatures
  Grinder (D:3)
  The ghost of JeffiDaFish the Shield-Bearer, an amateur GrFi (D:3)
  A scorpion (D:4)
  An orc wizard (D:3)
  A hound skeleton (D:4)
  3 adders
  A worm (D:3)
  2 dart slugs
  3 leopard geckos
  3 orcs (D:3)
  10 bats
  4 giant cockroaches
  5 goblins
  4 hobgoblins
  4 jackals (D:2)
  9 kobolds
  3 quokkas
  2 ball pythons
  A ball python skeleton (D:4)
  3 frilled lizards
  A leopard gecko zombie (D:4)
  4 rats
67 creatures vanquished.

Notes
Turn   | Place    | Note
-------+----------+-------------------------------------------
     0 | D:1      | JeffiDaFish the Gargoyle Fighter began the quest for the Orb.
     0 | D:1      | Reached XP level 1. HP: 14/14 MP: 1/1
   201 | D:1      | Reached XP level 2. HP: 19/19 MP: 2/2
   603 | D:1      | Reached XP level 3. HP: 23/23 MP: 3/3
  1011 | D:2      | Found a snail-covered altar of Cheibriados.
  1015 | D:2      | Reached skill level 4 in Shields
  1633 | D:2      | Reached XP level 4. HP: 29/29 MP: 4/4
  2169 | D:3      | Noticed JeffiDaFish's ghost (amateur GrFi)
  2185 | D:3      | Killed JeffiDaFish's ghost
  2185 | D:3      | Reached skill level 1 in Dodging
  2185 | D:3      | Reached XP level 5. HP: 6/33 MP: 5/5
  2311 | D:3      | Noticed Grinder
  2333 | D:3      | Paralysed by Grinder for 4 turns
  2340 | D:3      | Killed Grinder
  2340 | D:3      | Reached skill level 1 in Stealth
  2340 | D:3      | Reached skill level 5 in Shields
  2340 | D:3      | Reached XP level 6. HP: 39/39 MP: 6/6
  2642 | D:4      | Reached XP level 7. HP: 43/44 MP: 7/7
  2893 | D:4      | Slain by an ogre

Skill      XL: |  1  2  3  4  5 |
---------------+----------------+-----
Shields        | 4 5 |  5.7
Fighting       | 4 |  4.6
Maces & Flails | 3 4 |  4.3
Dodging        | 1 |  1.1
Armour         | 4 |  4.1
Stealth        | 1 |  1.0

Action                   |  1- 3 |  4- 6 |  7- 9 || total
-------------------------+-------+-------+-------++-------
Melee: Flail             |   155 |   117 |    23 ||   295
  Use: Scroll            |     6 |     3 |     1 ||    10
       Potion            |     3 |     2 |     1 ||     6
  Eat: Chunk             |     2 |     4 |     1 ||     7
Armor: Scale mail        |    81 |    51 |     3 ||   135
Dodge: Dodged            |    41 |    23 |     1 ||    65
Block: Large shield      |   139 |   106 |    17 ||   262
